 Dungeon Sprint DCSS version 0.24.0-10-g970556be89 (webtiles) character file.

Game seed: 17697068719746873402, levelgen mode: deterministic

5787 Bombadil the Imperceptible (level 10, -17/51 HPs)
             Began as a Vampire Enchanter on Nov 3, 2019.
             Was a Priest of Nemelex Xobeh.
             Demolished by Agnes
             ... wielding a +3 lajatang of electrocution
              (36 damage)
             ... in the Dungeon (Sprint IV: "Fedhas' Mad Dash").
             The game lasted 00:07:59 (1599 turns).

Bombadil the Imperceptible (Vampire Enchanter)      Turns: 1599, Time: 00:08:00

Health: -17/51     AC:  9    Str:  7    XL:     10   Next: 50%
Magic:  27/27      EV:  9    Int: 17    God:    Nemelex Xobeh [***...]
Gold:   78         SH:  0    Dex: 19    Spells: 3/20 levels left

rFire    + . .     SeeInvis +   a - +1 dagger
rCold    + + .     Gourm    .   (no shield)
rNeg     + + +     Faith    .   q - +2 scale mail {rF+}
rPois    ∞         Spirit   .   (no helmet)
rElec    .         Reflect  .   k - +0 cloak {+Inv}
rCorr    .         Harm     .   (no gloves)
MR       +....     NoTele   +   (no boots)
Stlth    +++++++++.             c - amulet of invisibility {+Inv}
HPRegen  0.00/turn              p - ring of magical power
MPRegen  0.20/turn              (no ring)

@: bloodless, regenerating quickly
A: no food, fangs 3, see invisible, unbreathing
a: Bat Form, Revivify, Draw Escape, Draw Destruction, Draw Summoning, Triple
Draw, Renounce Religion, Evoke Invisibility


You were in the Dungeon.
You worshipped Nemelex Xobeh.
Nemelex Xobeh was most pleased with you.
You were bloodless.

You visited 1 branch You collected 270 gold pieces.
You spent 192 gold pieces at shops.

Inventory:

Hand Weapons
 a - a +1 dagger (weapon)
 n - the +8 autumn katana {slice, Clar}
   (You found it in the Dungeon)

   It inflicts extra damage upon your enemies.
   It protects you against confusion.
Armour
 b - a +0 robe
 k - a +0 cloak of invisibility (worn)
 q - a +2 scale mail of fire resistance (worn)
Jewellery
 c - the amulet of invisibility (around neck) {+Inv}
   (You found it in the Dungeon)

   [amulet of nothing]

   It lets you turn invisible.
 p - a ring of magical power (left hand)
Scrolls
 i - a scroll of blinking
 l - a scroll of enchant armour {unknown}
 o - a scroll of fear
Potions
 d - a potion of curing
 e - a potion of heal wounds
 f - a potion of haste
 g - 2 potions of magic
 h - a potion of berserk rage
 j - a potion of invisibility {unknown}
 m - a potion of mutation {unknown}


   Skills:
 + Level 0.6 Fighting
 + Level 7.3 Short Blades
 + Level 5.8 Dodging
 + Level 24.4 Stealth
 + Level 5.7 Spellcasting
 + Level 14.0 Hexes
 + Level 10.0 Evocations


You had 3 spell levels left.
You knew the following spells:

 Your Spells              Type           Power        Failure   Level  Hunger
a - Corona                Hex            ######.      1%          1    N/A
b - Ensorcelled Hibernat  Hex/Ice        ####..       16%         2    N/A
c - Confuse               Hex            ######..     1%          3    N/A
d - Tukima's Dance        Hex            ######..     1%          3    N/A
e - Dazzling Spray        Conj/Hex       ####..       30%         3    N/A
f - Metabolic Englaciati  Hex/Ice        ####......   95%         5    N/A

Your spell library contained the following spells:

 Spells                   Type           Power        Failure   Level  Hunger
 Confusing Touch          Hex            ######       1%          1    N/A
 Gell's Gravitas          Tloc           #.........   99%         3    N/A
 Yara's Violent Unravell  Hex/Tmut       ####......   95%         5    N/A
 Petrify                  Tmut/Erth      #.......     100%        4    N/A

Dungeon Overview and Level Annotations

Branches:
Dungeon (1/1)

Altars:
Cheibriados
Dithmenos
Elyvilon
Gozag
Hepliaklqana
Kikubaaqudgha
Makhleb
Nemelex Xobeh
Okawaru
Qazlal
Ru
Sif Muna
Trog
Uskayaw
Vehumet
Wu Jian
Xom
Yredelemnul
Zin
The Shining One
Beogh
Jiyva
Lugonu

Shops:
D *:**[}

Annotations:
D Agnes


Innate Abilities, Weirdness & Mutations

You do not eat.
You do not regenerate when monsters are visible.
You are frail without blood (-20% HP).
You can heal yourself when you bite living creatures.
You are immune to poison.
You have razor-sharp teeth.
You have supernaturally acute eyesight. (SInv)
You can survive without breathing.


Message History

The acid corrodes Agnes!
Agnes is moderately wounded.
Agnes hits you with a +3 lajatang of electrocution!!
You draw a card...
You have drawn the Orb.
Press: ? - help, Shift-Dir - straight line, f/p - Agnes
Aim: Agnes, wielding a +3 lajatang of electrocution and wearing a +0 robe (moderately wounded, covered in acid)
The wavering orb of destruction weakly hits Agnes!
Agnes is moderately wounded.
Agnes hits you but does no damage.
You draw a card...
You have drawn the Orb.
Press: ? - help, Shift-Dir - straight line, f/p - Agnes
Aim: Agnes, wielding a +3 lajatang of electrocution and wearing a +0 robe (moderately wounded, covered in acid)
The orb of energy misses Agnes.
Agnes hits you with a +3 lajatang of electrocution!
Agnes hits you with a +3 lajatang of electrocution!!!
Ouch! That really hurt!
You die...
Your body glows slightly and disappears.

#.⌠._._._._.⌠.#.['.))#....##∩##.#
'.._._._._._..'..#...#....'..##'#
#..._._._._...#..###'##..%##∩#..#
#.._._._._._..#.(##∩∩.'...#####..
#._._._._._.⌠.#################..
###################....%[###....)
#♣♣♣♣♣..♣.###.'.)'.....).'.'..)♣.
......♣..♣##..#..#.P.....########
♣..♣♣♣.♣).###.##@##.P....#
.♣♣..♣...♣'...#♣i♣######## #
#############... .♣..♣ .♣.... ..
♣.... ## #####


You could see Agnes.

Vanquished Creatures
  A spriggan druid (D)
  6 oklob plants (D)
  A demonic crawler (D)
  A queen bee (D)
  3 wandering mushrooms (D)
  3 burning bushes (D)
  A hornet (D)
  2 scorpions (D)
  4 killer bees (D)
  5 oklob saplings (D)
  5 spriggans (D)
  A worker ant (D)
  A river rat (D)
  A rat (D)
  A ballistomycete spore (D)
36 creatures vanquished.

Notes
Turn   | Place    | Note
-------+----------+-------------------------------------------
     0 | D        | Bombadil the Vampire Enchanter began the quest for the Orb.
     0 | D        | Reached XP level 1. HP: 13/13 MP: 3/3
    14 | D        | Reached skill level 5 in Stealth
    14 | D        | Reached skill level 5 in Hexes
    14 | D        | Reached XP level 2. HP: 15/15 MP: 5/5
    26 | D        | Noticed an oklob sapling
    27 | D        | Killed an oklob sapling
    27 | D        | Reached skill level 7 in Stealth
    27 | D        | Reached XP level 3. HP: 19/19 MP: 7/7
    30 | D        | Found the amulet of invisibility {+Inv}
    31 | D        | Reached skill level 8 in Stealth
    53 | D        | Found an opulent altar of Gozag.
    53 | D        | Found a hazy altar of Hepliaklqana.
    53 | D        | Found a burning altar of Makhleb.
    53 | D        | Found a roughly hewn altar of Beogh.
    53 | D        | Found a sparkling altar of Nemelex Xobeh.
    53 | D        | Found a snail-covered altar of Cheibriados.
    53 | D        | Found a sacrificial altar of Ru.
    53 | D        | Found a shimmering blue altar of Sif Muna.
    53 | D        | Found a shimmering altar of Xom.
    53 | D        | Found a basalt altar of Yredelemnul.
    54 | D        | Found a viscous altar of Jiyva.
    54 | D        | Found a bloodstained altar of Trog.
    54 | D        | Found an ornate altar of the Wu Jian Council.
    54 | D        | Noticed an oklob sapling priest
    55 | D        | Found an iron altar of Okawaru.
    55 | D        | Found a glowing silver altar of Zin.
    55 | D        | Found a shadowy altar of Dithmenos.
    56 | D        | Found a hide-covered altar of Uskayaw.
    56 | D        | Found an ancient bone altar of Kikubaaqudgha.
    57 | D        | Found a stormy altar of Qazlal.
    57 | D        | Found a glowing golden altar of the Shining One.
    57 | D        | Found a white marble altar of Elyvilon.
    58 | D        | Found a radiant altar of Vehumet.
    58 | D        | Found a corrupted altar of Lugonu.
    61 | D        | Killed an oklob sapling priest
    61 | D        | Reached skill level 10 in Stealth
    61 | D        | Reached XP level 4. HP: 24/24 MP: 6/9
    62 | D        | Became a worshipper of Nemelex Xobeh the Trickster
   178 | D        | Learned a level 2 spell: Ensorcelled Hibernation
   182 | D        | Learned a level 3 spell: Confuse
   186 | D        | Learned a level 3 spell: Tukima's Dance
   191 | D        | Received a gift from Nemelex Xobeh
   303 | D        | Noticed a queen bee
   308 | D        | Killed a queen bee
   308 | D        | Reached skill level 13 in Stealth
   308 | D        | Reached XP level 5. HP: 28/28 MP: 7/11
   308 | D        | Reached XP level 6. HP: 32/32 MP: 7/12
   309 | D        | Reached skill level 5 in Dodging
   310 | D        | Reached skill level 14 in Stealth
   313 | D        | Reached XP level 7. HP: 36/36 MP: 8/14
   452 | D        | Noticed an oklob plant
   454 | D        | Killed an oklob plant
   454 | D        | Reached skill level 16 in Stealth
   454 | D        | Reached skill level 5 in Spellcasting
   608 | D        | Reached * piety under Nemelex Xobeh
   608 | D        | Received a gift from Nemelex Xobeh
   609 | D        | Noticed a burning bush
   612 | D        | Killed a burning bush
   612 | D        | Reached skill level 17 in Stealth
   612 | D        | Reached skill level 5 in Evocations
   612 | D        | Reached XP level 8. HP: 41/41 MP: 12/15
   691 | D        | Noticed a burning bush
   691 | D        | Noticed an oklob plant
   692 | D        | Noticed a wandering mushroom
   693 | D        | Killed a burning bush
   693 | D        | Reached skill level 18 in Stealth
   698 | D        | Killed an oklob plant
   698 | D        | Reached skill level 19 in Stealth
   704 | D        | Killed a wandering mushroom
   824 | D        | Received a gift from Nemelex Xobeh
   824 | D        | Noticed a spriggan druid
   825 | D        | Killed a spriggan druid
   825 | D        | Reached skill level 5 in Short Blades
   825 | D        | Reached skill level 20 in Stealth
   825 | D        | Reached XP level 9. HP: 45/45 MP: 17/17
   914 | D        | Found Geomn's Book Shop.
   915 | D        | Found Lejiupn's Assorted Antiques.
  1149 | D        | Reached ** piety under Nemelex Xobeh
  1149 | D        | Noticed a burning bush
  1149 | D        | Noticed a wandering mushroom
  1150 | D        | Noticed a wandering mushroom
  1152 | D        | Killed a wandering mushroom
  1152 | D        | Reached skill level 21 in Stealth
  1154 | D        | Killed a burning bush
  1155 | D        | Killed a wandering mushroom
  1161 | D        | Found Cownakli's General Store.
  1161 | D        | Found Bynygaan's Assorted Antiques.
  1162 | D        | Found the +8 autumn katana {slice, Clar}
  1170 | D        | Bought a scroll of fear for 42 gold pieces
  1172 | D        | Bought a garnet ring for 150 gold pieces
  1339 | D        | Noticed an oklob plant conjurer
  1340 | D        | Killed an oklob plant conjurer
  1340 | D        | Reached skill level 22 in Stealth
  1350 | D        | Learned a level 3 spell: Dazzling Spray
  1356 | D        | Learned a level 5 spell: Metabolic Englaciation
  1378 | D        | Received a gift from Nemelex Xobeh
  1378 | D        | Noticed an oklob plant
  1378 | D        | Noticed an oklob plant summoner
  1379 | D        | Noticed an oklob plant shifter
  1383 | D        | Killed an oklob plant
  1383 | D        | Reached XP level 10. HP: 50/50 MP: 18/18
  1386 | D        | Killed an oklob plant summoner
  1389 | D        | Killed an oklob plant shifter
  1389 | D        | Reached skill level 23 in Stealth
  1539 | D        | Reached *** piety under Nemelex Xobeh
  1539 | D        | Noticed a spriggan rider
  1540 | D        | Found Otupho's Armour Emporium.
  1541 | D        | Found Cemoegh's Gadget Shoppe.
  1541 | D        | Received a gift from Nemelex Xobeh
  1548 | D        | Killed a spriggan rider
  1548 | D        | Reached skill level 24 in Stealth
  1548 | D        | Reached skill level 10 in Evocations
  1594 | D        | Noticed Agnes
  1599 | D        | Demolished by Agnes

Levels and vault maps discovered:
D:        dungeon_sprint_fedhas [sprint_temple]

Skill      XL: |  1  2  3  4  5  6  7  8  9 10 |
---------------+-------------------------------+-----
Stealth        | 5 7 10 13 14 17 20 22 24 | 24.4
Hexes          | 5 7 9 11 12 13 14 | 14.0
Dodging        | 3 4 5 |  5.8
Spellcasting   | 3 4 5 |  5.7
Short Blades   | 2 3 5 6 7 |  7.3
Evocations     | 3 5 7 9 10 | 10.0
Fighting       | |  0.6

Action                   |  1- 3 |  4- 6 |  7- 9 | 10-12 || total
-------------------------+-------+-------+-------+-------++-------
Melee: Dagger            |     5 |     6 |    18 |     6 ||    35
 Cast: Confuse           |       |       |     1 |       ||     1
       Dazzling Spray    |       |       |     1 |       ||     1
 Abil: Exsanguinate      |     1 |       |       |       ||     1
       Evoke Invisibilit |     1 |     2 |     6 |       ||     9
       Draw Destruction  |       |       |       |     3 ||     3
       Draw Summoning    |       |       |       |     1 ||     1
 Stab: Sleeping          |     5 |     6 |    16 |     6 ||    33
       Invisible         |       |       |     1 |       ||     1
Armor: Scale mail        |       |       |       |     1 ||     1
